 Dungeon Crawl Stone Soup version 0.27.1-33-g824d729ab1 (webtiles) character file.

Game seed: 10555496726297034940

76 Teslajakalope the Covered (level 4, 0/40 (41) HPs)
             Began as a Minotaur Fighter on Dec 31, 2021.
             Slain by an adder (3 damage)
             ... on level 2 of the Dungeon.
             The game lasted 00:02:40 (1625 turns).

Teslajakalope the Covered (Minotaur Fighter)        Turns: 1625, Time: 00:02:42

HP:   0/40 (41)     AC:  7    Str: 21    XL:     4   Next: 12%
MP:   3/3           EV:  7    Int:  5    God:
Gold: 18            SH:  9    Dex: 10    Spells: 3/3 levels left

rFire    . . .     SeeInvis .   a - +0 war axe
rCold    . . .     Faith    .   c - +0 kite shield
rNeg     . . .     Spirit   .   b - +0 scale mail
rPois    .         Reflect  .   (helmet restricted)
rElec    .         Harm     .   (no cloak)
rCorr    .         Rampage  .   (no gloves)
Will     .....                  (no boots)
Stlth    ..........             (no amulet)
HPRegen  0.13/turn              (no ring)
MPRegen  0.08/turn              (no ring)

@: lethally poisoned (0 -> -2), lightly drained
A: horns 2, retaliatory headbutt
a: no special abilities


You were on level 2 of the Dungeon.
You visited 1 branch of the dungeon, and saw 2 of its levels.

You collected 18 gold pieces.

Inventory:

Hand Weapons
 a - a +0 war axe (weapon)
Armour
 b - a +0 scale mail (worn)
 c - a +0 kite shield (worn)
Scrolls
 e - a scroll of vulnerability {unknown}
 h - a scroll of brand weapon {unknown}
Potions
 d - a potion of might
 f - 2 potions of ambrosia {unknown}
 g - 2 potions of curing {unknown}


   Skills:
 + Level 4.5 Fighting
 + Level 3.4 Axes
 + Level 4.5 Armour
 - Level 4.0 Shields


You had 3 spell levels left.
You didn't know any spells.
Your spell library was empty.

Dungeon Overview and Level Annotations

Branches:
Dungeon (2/15)

Altars:


Innate Abilities, Weirdness & Mutations

You have a pair of horns on your head.
You reflexively headbutt those who attack you in melee.


Message History

You miss the goblin.
The goblin hits you but does no damage. x2
The adder bites you. You block the hobgoblin's attack.
You block the goblin's attack.
The goblin hits you with a +0 dagger. x2
You have reached level 4!
You feel agile.
You closely miss the adder. You hit the goblin.
You kill the goblin!
You slash the goblin!
You kill the goblin!
You closely miss the goblin. You hit the hobgoblin.
You block the adder's attack.
The hobgoblin hits you but does no damage.
The goblin barely misses you. You furiously retaliate!
You headbutt the goblin!
You kill the goblin!
You block the adder's attack. The hobgoblin hits you.
* * * LOW HITPOINT WARNING * * *
You closely miss the adder. You barely miss the hobgoblin.
You closely miss the goblin. You block the goblin's attack.
The adder bites you.
* * * LOW HITPOINT WARNING * * *
The hobgoblin hits you but does no damage.
The adder bites you but does no damage. You block the goblin's attack.
Unknown command.
You slash the adder!
The adder is almost dead.
You slash the goblin!
You kill the goblin!
You hit the hobgoblin but do no damage. The adder bites you.
* * * LOW HITPOINT WARNING * * *
You are poisoned.
The adder poisons you! The hobgoblin barely misses you.
The adder bites you but does no damage.
The hobgoblin hits you but does no damage.
You miss the adder.
The adder is almost dead.
You hit the hobgoblin.
You kill the hobgoblin!
* * * LOW HITPOINT WARNING * * *
You feel sick. The adder bites you.
You die...

.r.#............#
...######.##........##
.... #.#..........
.S.# ..........# ...#
#........# ....
#........# #........#
#...)))..# #..gS@)..#
....######## .


You could see an adder and a goblin.

Vanquished Creatures
  Natasha (D:2)
  Robin (D:2)
  A dart slug (D:1)
  5 bats (D:1)
  2 endoplasms (D:1)
  A giant cockroach (D:1)
  12 goblins
  3 hobgoblins
  2 kobolds (D:1)
  A quokka (D:1)
  4 ball pythons (D:1)
  2 frilled lizards (D:1)
  2 rats (D:1)
37 creatures vanquished.

Notes
Turn   | Place    | Note
-------+----------+-------------------------------------------
     0 | D:1      | Teslajakalope the Minotaur Fighter began the quest for the
                  | Orb.
     0 | D:1      | Reached XP level 1. HP: 19/19 MP: 0/0
   296 | D:1      | Reached XP level 2. HP: 27/27 MP: 1/1
   445 | D:1      | Found a faded altar of an unknown god.
  1370 | D:2      | Noticed Natasha
  1379 | D:2      | Killed Natasha
  1380 | D:2      | Reached XP level 3. HP: 8/33 MP: 2/2
  1616 | D:2      | Noticed Robin
  1620 | D:2      | Killed Robin
  1622 | D:2      | Reached XP level 4. HP: 12/39 MP: 3/3
  1625 | D:2      | Slain by an adder

Illustrated notes

Levels and vault maps discovered:
D:1:      dpeg_arrival_concentric_ovals, layout_basic,
          hellmonk_ecumenical_altar_run_dry
D:2:      layout_rooms, kennysheep_decorative_pillar, uniq_terence,
          uniq_natasha, uniq_robin

Skill      XL: |  1  2 |
---------------+-------+-----
Armour         | 4 |  4.5
Fighting       | 4 |  4.5
Shields        | 4 |  4.0
Axes           | 3 |  3.4

Action                   |  1- 3 |  4- 6 || total
-------------------------+-------+-------++-------
Melee: War axe           |    51 |     4 ||    55
       Headbutt          |     5 |       ||     5
Armor: Scale mail        |    43 |     5 ||    48
Dodge: Dodged            |    16 |     2 ||    18
Block: Kite shield       |    42 |     4 ||    46
